 Dungeon Sprint DCSS version 0.21.1-1-g345015f (webtiles) character file.

537 sexinstructor the Fighter (level 7, -5/82 HPs)
             Began as a Minotaur Berserker on Mar 26, 2018.
             Was a High Priest of Trog.
             Slain by a sun demon (21 damage)
             ... summoned by a kobold demonologist
             ... in the Dungeon (Sprint IX: "|||||||||||||||||||||||||||||").
             The game lasted 00:02:32 (434 turns).

sexinstructor the Fighter (Minotaur Berserker)       Turns: 434, Time: 00:02:34

Health: -5/82      AC: 11    Str: 23    XL:     7   Next: 5%
Magic:  6/6        EV: 13    Int:  4    God:    Trog [*****.]
Gold:   0          SH:  0    Dex: 10    Spells: 6/6 levels left

rFire    . . .     SeeInvis .   m - +1 broad axe (freeze)
rCold    . . .     Gourm    .   (no shield)
rNeg     . . .     Faith    .   p - +1 chain mail
rPois    .         Spirit   .   (helmet restricted)
rElec    .         Reflect  .   (no cloak)
rCorr    .         Harm     .   (no gloves)
MR       .....     NoTele   +   o - +0 pair of boots
Stlth    ..........             (no amulet)
HPRegen  0.23/turn              q - +2 ring of evasion
MPRegen  0.10/turn              r - +2 ring of evasion

@: berserk cooldown, slowed, very slow
A: retaliatory headbutt, horns 2
a: Berserk, Trog's Hand, Brothers in Arms, Burn Spellbooks, Renounce Religion


You were in the Dungeon.
You worshipped Trog.
Trog was extremely pleased with you.
You were hungry.

You visited 1 branch

Inventory:

Hand Weapons
 a - a +0 mace
 m - a +1 broad axe of freezing (weapon)
 n - a +2 morningstar of protection
Armour
 b - a +0 animal skin
 o - a +0 pair of boots (worn)
 p - a +1 chain mail (worn)
Jewellery
 q - a +2 ring of evasion (left hand)
 r - a +2 ring of evasion (right hand)
Wands
 l - a wand of acid (10)
Scrolls
 i - 2 scrolls of blinking
 k - 3 scrolls of remove curse
Potions
 d - a potion of invisibility
 e - 3 potions of heal wounds
 f - a potion of haste
 g - 4 potions of magic
 h - a potion of berserk rage
 j - 4 potions of curing
Comestibles
 c - a ration
 s - 6 chunks of flesh


   Skills:
 + Level 14.3 Fighting
 + Level 7.9(9.0) Axes
 - Level 6.6(8.4) Maces & Flails
 - Level 3.6 Armour
 - Level 3.3 Dodging


You had 6 spell levels left.
You didn't know any spells.

Dungeon Overview and Level Annotations

Branches:
Dungeon (1/1)

Altars:
Cheibriados
Dithmenos
Elyvilon
Fedhas
Gozag
Hepliaklqana
Kikubaaqudgha
Makhleb
Nemelex Xobeh
Okawaru
Qazlal
Ru
Sif Muna
Trog
Uskayaw
Vehumet
Wu Jian
Xom
Yredelemnul
Zin
The Shining One
Beogh
Jiyva
Lugonu


Innate Abilities, Weirdness & Mutations

You reflexively headbutt those who attack you in melee.
You have a pair of horns on your head.


Message History

The kobold demonologist is almost dead.
The kobold demonologist mumbles some strange words.
You barely miss the kobold demonologist.
Your headbutt misses the kobold demonologist.
The kobold demonologist is almost dead.
You closely miss the sun demon.
The kobold demonologist hits you but does no damage.
You barely miss the kobold demonologist.
Your headbutt misses the kobold demonologist.
The kobold demonologist is almost dead.
You hit the sun demon. You freeze the sun demon. The sun demon hits you.
You are engulfed in flames!
* * * LOW HITPOINT WARNING * * *
You barely miss the kobold demonologist.
The kobold demonologist is almost dead.
You hit the sun demon but do no damage.
You are no longer berserk.
You are exhausted.
You feel yourself slow down. The sun demon hits you!!
You die... ▓▓▓▓▓▓▓▓▓▓▓▓▓▓▓▓▓▓▓▓▓▓▓▓ '.?|).[...÷....3@Kcyh... ▓▓▓▓▓▓▓▓▓▓▓▓▓▓▓▓▓▓▓▓▓▓▓▓

You could see a centaur warrior, a sun demon, a kobold demonologist, a vampire mosquito and a howler monkey.

Vanquished Creatures
  A komodo dragon (D)
  An ogre (D)
  A bullfrog (D)
  A scorpion (D)
  A crimson imp (D)
  A hound (D)
  An adder zombie (D)
  An adder skeleton (D)
  A bat skeleton (D)
  A bat zombie (D)
  A giant cockroach (D)
  2 goblins (D)
  A jackal (D)
  A kobold (D)
  A quokka (D)
  A bat (D)
  A giant cockroach zombie (D)
18 creatures vanquished.

Notes
Turn   | Place    | Note
-------+----------+-------------------------------------------
     0 | D        | sexinstructor the Minotaur Berserker began the quest for the Orb.
     0 | D        | Reached XP level 1. HP: 19/19 MP: 0/0
     6 | D        | Reached skill level 4 in Fighting
     9 | D        | Reached ** piety under Trog
    76 | D        | Noticed a scorpion
    76 | D        | Noticed a crimson imp
    76 | D        | Noticed a hound
    79 | D        | Reached *** piety under Trog
    79 | D        | Reached XP level 2. HP: 19/28 MP: 1/1
    84 | D        | Killed a scorpion
    84 | D        | Reached skill level 6 in Fighting
    84 | D        | Reached XP level 3. HP: 14/38 MP: 2/2
    90 | D        | Reached skill level 8 in Fighting
    90 | D        | Reached XP level 4. HP: 8/49 MP: 3/3
    92 | D        | Reached **** piety under Trog
    92 | D        | Reached skill level 9 in Fighting
   328 | D        | Found a roughly hewn altar of Beogh.
   328 | D        | Found a snail-covered altar of Cheibriados.
   328 | D        | Found a shadowy altar of Dithmenos.
   328 | D        | Found a white marble altar of Elyvilon.
   328 | D        | Found a blossoming altar of Fedhas.
   328 | D        | Found an opulent altar of Gozag.
   329 | D        | Found a hazy altar of Hepliaklqana.
   330 | D        | Found a viscous altar of Jiyva.
   331 | D        | Found an ancient bone altar of Kikubaaqudgha.
   332 | D        | Found a corrupted altar of Lugonu.
   333 | D        | Found a burning altar of Makhleb.
   334 | D        | Found a sparkling altar of Nemelex Xobeh.
   335 | D        | Found an iron altar of Okawaru.
   336 | D        | Found a stormy altar of Qazlal.
   337 | D        | Found a sacrificial altar of Ru.
   338 | D        | Found a deep blue altar of Sif Muna.
   339 | D        | Found a bloodstained altar of Trog.
   340 | D        | Found a hide-covered altar of Uskayaw.
   341 | D        | Found a radiant altar of Vehumet.
   342 | D        | Found an ornate altar of the Wu Jian Council.
   343 | D        | Found a shimmering altar of Xom.
   344 | D        | Found a basalt altar of Yredelemnul.
   345 | D        | Found a glowing silver altar of Zin.
   346 | D        | Found a glowing golden altar of the Shining One.
   391 | D        | Noticed a bullfrog
   393 | D        | Killed a bullfrog
   393 | D        | Reached skill level 11 in Fighting
   393 | D        | Reached XP level 5. HP: 57/62 MP: 4/4
   405 | D        | Reached ***** piety under Trog
   416 | D        | Noticed a komodo dragon
   416 | D        | Noticed an ogre
   416 | D        | Noticed a kobold demonologist
   416 | D        | Noticed a centaur warrior
   416 | D        | Noticed a vampire mosquito
   422 | D        | Killed a komodo dragon
   422 | D        | Reached skill level 14 in Fighting
   422 | D        | Reached XP level 6. HP: 74/74 MP: 5/5
   426 | D        | Reached XP level 7. HP: 82/82 MP: 6/6
   427 | D        | Noticed a sixfirhy
   432 | D        | Noticed a sun demon
   434 | D        | Slain by a sun demon

Skill      XL: |  1  2  3  4  5 |
---------------+----------------+-----
Fighting       | 4 6 8 11 14 | 14.3
Maces & Flails | 4 6 |  6.6
Armour         | 3 |  3.6
Dodging        | 3 |  3.3
Axes           | 7 |  7.9

Action                   |  1- 3 |  4- 6 |  7- 9 || total
-------------------------+-------+-------+-------++-------
Melee: Mace              |    18 |     1 |       ||    19
       Headbutt          |     2 |     4 |     1 ||     7
       Broad axe         |       |    23 |     8 ||    31
Invok: Berserk           |     1 |     1 |       ||     2
  Use: Potion            |       |     1 |       ||     1
Armor: Chain mail        |       |     8 |     2 ||    10
Dodge: Dodged            |     7 |    14 |     3 ||    24
